 Seeded DCSS version 0.28-a0-167-g7eff39e (webtiles) character file.

Game seed: 827138082741068476 (custom seed)

1577 edsrzf the Conjurer (level 8, 0/61 HPs)
             Began as a Gargoyle Necromancer on Aug 15, 2021.
             Was an Initiate of Gozag.
             Slain by an unseen horror (4 damage)
             ... on level 7 of the Dungeon.
             The game lasted 00:18:37 (7838 turns).

edsrzf the Conjurer (Gargoyle Necromancer)          Turns: 7838, Time: 00:18:37

Health: 0/61       AC:  8    Str: 13    XL:     8   Next: 91%
Magic:  15/15      EV: 11    Int: 23    God:    Gozag
Gold:   247        SH:  5    Dex: 10    Spells: 10/17 levels left

rFire   + + .      SeeInvis .   b - +2 falchion (venom)
rCold   . . .      Faith    .   (no shield)
rNeg    + . .      Spirit   .   r - +1 robe {rF+}
rPois   ∞          Reflect  +   (helmet restricted)
rElec   +          Harm     .   (no cloak)
rCorr   .          Rampage  .   (no gloves)
Will    .....                   (no boots)
Stlth   ..........              f - amulet of reflection
HPRegen 0.20/turn               n - ring of protection from fire
MPRegen 0.14/turn               o - +6 ring of intelligence

@: berserking, hasted, very quick
A: sickness immunity, AC +5, negative energy resistance 1, electricity
resistance, torment resistance 1, petrification resistance, hooves 1, horns 1,
noise suppression
a: Renounce Religion, Potion Petition, Call Merchant, Bribe Branch


You were on level 7 of the Dungeon.
You worshipped Gozag.
Gozag was aware of your devotion.
You visited 2 branches of the dungeon, and saw 8 of its levels.
You also visited: Sewer.

You collected 337 gold pieces.
You paid 90 gold pieces to Gozag.

Inventory:

Hand Weapons
 a - a +0 flail
 b - a +2 falchion of venom (weapon)
 w - the +9 dagger of Ointment {holy, Stlth+}
   (You found it on level 5 of the Dungeon)

   It has been blessed by the Shining One to cause great damage to the undead
   and demons.
   Stlth:     It makes you more stealthy.
Missiles
 y - a curare-tipped dart
 G - 25 poisoned darts
Armour
 l - a +2 kite shield
 r - a +1 robe of fire resistance (worn)
Jewellery
 f - an amulet of reflection (around neck)
 n - a ring of protection from fire (left hand)
 o - a +6 ring of intelligence (right hand)
 x - a ring of protection from fire
 H - a +4 ring of evasion
Wands
 E - a wand of flame (19)
Scrolls
 c - 2 scrolls of holy word
 g - a scroll of teleportation {@r3}
 h - a scroll of immolation
 i - 3 scrolls of fog
 q - a scroll of amnesia {unknown}
 s - a scroll of magic mapping {unknown}
 t - a scroll of vulnerability {unknown}
 u - a scroll of silence {unknown}
 A - 2 scrolls of enchant weapon {unknown}
 C - a scroll of brand weapon {unknown}
 D - a scroll of identify {@r1}
 F - a scroll of blinking {unknown}
 I - a scroll of noise {unknown}
Potions
 d - a potion of might
 e - a potion of flight
 j - a potion of attraction
 k - a potion of mutation {!q}
 m - 2 potions of resistance
 p - 4 potions of haste
 v - 2 potions of lignification
 J - a potion of curing {unknown}


   Skills:
 + Level 0.0 Fighting
 - Level 1.5 Dodging
 - Level 2.1 Stealth
 - Level 5.0 Spellcasting
 - Level 6.0 Conjurations
 - Level 5.0 Necromancy
 + Level 3.5 Air Magic
 - Level 4.0 Poison Magic


You had 10 spell levels left.
You knew the following spells:

 Your Spells              Type           Power      Damage    Failure   Level
v - Vampiric Draining     Necr           14%        2d8       3%          3
C - Mephitic Cloud        Conj/Pois/Air  26%        N/A       4%          3
X - Pain                  Necr           100%       1d9       1%          1

Your spell library contained the following spells:

 Spells                   Type           Power      Damage    Failure   Level
 Animate Skeleton         Necr           56%        N/A       1%          1
 Animate Dead             Necr           14%        N/A       12%         4
 Slow                     Hex            5%         N/A       14%         2
 Ignite Poison            Fire/Tmut/Pois 12%        N/A       16%         3
 Confusing Touch          Hex            5%         N/A       28%         3
 Frozen Ramparts          Ice            10%        1d3       28%         3
 Agony                    Necr           28%        N/A       32%         5
 Ice Form                 Ice/Tmut       5%         N/A       67%         4
 Summon Ice Beast         Ice/Summ       5%         N/A       67%         4
 Bolt of Magma            Conj/Fire/Erth 7%         4d6       75%         5


Dungeon Overview and Level Annotations

Branches:
Dungeon (7/15)             Temple (1/1) D:6           Sewer (visited)

Altars:
Ashenzari
Dithmenos
Fedhas
Gozag
Hepliaklqana
Makhleb
Nemelex Xobeh
Qazlal
Ru
Sif Muna
Trog
Vehumet
Wu Jian
Xom
Yredelemnul
Zin
The Shining One

Annotations:
D:4 Menkaure


Innate Abilities, Weirdness & Mutations

You are immune to sickness and miasma.
Your stone body is resilient. (AC +5)
You are immune to poison.
You resist negative energy. (rN+)
You are resistant to electric shocks. (rElec)
You are resistant to unholy torment.
You are immune to petrification.
You have large cloven feet.
You have a pair of small horns on your head.
You passively dampen the noise of your surroundings.


Message History

You hit the water moccasin.
The water moccasin is lightly wounded.
You block the water moccasin's attack. The water moccasin closely misses you.
You closely miss the water moccasin. The water moccasin bites you. x2
You closely miss the water moccasin. The water moccasin bites you.
The water moccasin closely misses you.
You closely miss the water moccasin. The water moccasin closely misses you.
The water moccasin bites you but does no damage.
Casting: Pain (safe; 1% risk of failure)
Confirm with . or Enter, or press ? or * to list all spells.
Aiming: Vampiric Draining (dangerous; 3% risk of failure)
Press: ? - help, Shift-Dir - straight line, f - water moccasin
Aim: a water moccasin You draw life force from the water moccasin.
You feel life coursing into your body. The water moccasin closely misses you.
Casting: Vampiric Draining (dangerous; 3% risk of failure)
Confirm with . or Enter, or press ? or * to list all spells.
Aiming: Vampiric Draining (dangerous; 3% risk of failure)
Press: ? - help, Shift-Dir - straight line, f/p - water moccasin
Aim: a water moccasin (moderately wounded)
You draw life force from the water moccasin!
You feel life coursing into your body. The water moccasin barely misses you.
The water moccasin bites you but does no damage.
Casting: Vampiric Draining (dangerous; 3% risk of failure)
Confirm with . or Enter, or press ? or * to list all spells.
Aiming: Vampiric Draining (dangerous; 3% risk of failure)
Press: ? - help, Shift-Dir - straight line, f/p - water moccasin
Aim: a water moccasin (heavily wounded)
You draw life force from the water moccasin.
You feel life coursing into your body. The water moccasin misses you.
Casting: Vampiric Draining (dangerous; 3% risk of failure)
Confirm with . or Enter, or press ? or * to list all spells.
Aiming: Vampiric Draining (dangerous; 3% risk of failure)
Press: ? - help, Shift-Dir - straight line, f/p - water moccasin
Aim: a water moccasin (severely wounded)
You draw life force from the water moccasin!
You kill the water moccasin!
You feel life coursing into your body.
Your Conjurations skill increases to level 6!
You now have 242 gold pieces (gained 15).
Things that are here:
a +0 shortbow; 22 arrows You now have 247 gold pieces (gained 5).
i - 3 scrolls of fog (gained 1)
Things that are here:
a +0 shortbow; 22 arrows You start resting.
HP restored.
Autoexplore disabled on this floor!
Autoexplore enabled for D:7 Magic restored.
Found two stone staircases leading down.
There is a strange disturbance nearby!
Your +2 falchion of venom begins to drip with poison!
b - a +2 falchion of venom (weapon)
Found 18 gold pieces.
Something hits you.
Deactivating autopickup; reactivate with Ctrl-A.
Something hits you. You block something's attack.
You see here a murky pink potion.
J - a murky pink potion You block something's attack.
You hit something. Something hits you but does no damage.
You miss something. Something hits you! Something hits you but does no damage.
You miss something. Something hits you but does no damage.
You swing at nothing.
Something hits you but does no damage.
You swing at nothing.
Something hits you but does no damage.
You barely miss something. Something hits you. You block something's attack.
Something hits you.
You miss something. Something hits you but does no damage. Something hits you.
You hit something. Something hits you.
* * * LOW HITPOINT WARNING * * *
It was a potion of haste.
You feel yourself speed up. Something hits you but does no damage.
It was a potion of mutation.
You feel extremely strange.
You feel your surroundings grow quieter.
A pair of horns grows on your head!
Your feet thicken and deform.
Okay, then.
Okay, then.
Okay, then.
Okay, then.
It was a potion of magic.
Magic courses through your body.
It was a potion of berserk rage.
A red film seems to cover your vision as you go berserk!
You feel yourself moving faster!
You feel mighty! Something hits you!
* * * LOW HITPOINT WARNING * * *
You block something's attack.
You closely miss something. You kick something. Something hits you.
* * * LOW HITPOINT WARNING * * *
Something hits you.
* * * LOW HITPOINT WARNING * * *
You miss something. Your kick misses something.
Something hits you but does no damage.
You swing at nothing.
You closely miss something. You headbutt something! Something hits you.
You die...
Your body crumbles into a pile of gold.

#.......###..>.
...........#...>..
###..........#
#.........##
#........##
#........#
#####..#.# #.##{#
#. #@# #. #.# #.#
### $


There were no monsters in sight!

Vanquished Creatures
  An acid dragon (D:6)
  Edmund (D:5)
  2 water moccasins
  A phantom (D:6)
  A centaur (D:7)
  A kobold brigand (Sewer)
  4 scorpions
  A bullfrog (D:6)
  A bullfrog zombie (D:5)
  A hound (D:4)
  3 jellies
  5 orc priests
  3 orc wizards
  An iguana (D:4)
  A hound skeleton (D:4)
  8 adders
  3 river rats (Sewer)
  A shadow imp (D:5)
  An ufetubus (D:6)
  An adder skeleton (D:5)
  5 worms
  3 dart slugs
  14 orcs
  2 ball pythons
  6 endoplasms
  3 giant cockroaches
  4 goblins
  9 hobgoblins
  6 kobolds
  A quokka (D:4)
  2 bats
  3 frilled lizards (D:2)
  3 rats
102 creatures vanquished.

Notes
Turn   | Place    | Note
-------+----------+-------------------------------------------
     0 | D:1      | edsrzf the Gargoyle Necromancer began the quest for the
                  | Orb.
     0 | D:1      | Reached XP level 1. HP: 10/10 MP: 3/3
   516 | D:1      | Found a faded altar of an unknown god.
   652 | D:1      | Reached XP level 2. HP: 12/15 MP: 0/5
  2082 | D:3      | Reached XP level 3. HP: 15/19 MP: 2/6
  2122 | D:3      | Learned a level 3 spell: Vampiric Draining
  2224 | D:3      | Reached skill level 4 in Necromancy
  2482 | D:3      | Reached XP level 4. HP: 20/24 MP: 4/8
  2541 | D:3      | Reached skill level 3 in Spellcasting
  3043 | D:2      | Reached XP level 5. HP: 27/28 MP: 0/10
  3502 | D:2      | Upgraded the game from 0.28-a0-129-g027562a to
                  | 0.28-a0-164-g83978e0
  3889 | D:4      | Found a sacrificial altar of Ru.
  4053 | D:4      | Reached skill level 4 in Spellcasting
  4053 | D:4      | Reached XP level 6. HP: 23/32 MP: 5/12
  4059 | D:4      | Learned a level 3 spell: Mephitic Cloud
  4093 | D:4      | Reached skill level 5 in Necromancy
  4262 | D:4      | Reached skill level 1 in Poison Magic
  4354 | D:4      | Noticed Menkaure
  4372 | D:5      | Entered Level 5 of the Dungeon
  4489 | D:5      | Reached skill level 2 in Poison Magic
  4489 | D:5      | Reached XP level 7. HP: 32/36 MP: 10/14
  4619 | D:5      | Reached skill level 5 in Spellcasting
  4662 | D:5      | Found a blossoming altar of Fedhas.
  4721 | D:5      | Reached skill level 1 in Conjurations
  4721 | D:5      | Reached skill level 3 in Poison Magic
  4727 | D:5      | Identified the +9 dagger of Ointment {holy, Stlth+}
  4779 | D:5      | Identified 5 scrolls of identify
  4779 | D:5      | Identified a potion of might
  4780 | D:5      | Identified a potion of flight
  4781 | D:5      | Identified a potion of attraction
  4782 | D:5      | Identified a potion of resistance
  4783 | D:5      | Identified a potion of lignification
  4784 | D:5      | Identified 3 scrolls of holy word
  4785 | D:5      | Identified 2 scrolls of teleportation
  4786 | D:5      | Identified 2 scrolls of immolation
  4787 | D:5      | Identified 2 scrolls of fog
  4789 | D:5      | Found a glowing drain.
  4802 | Sewer    | Entered a sewer
  4909 | Sewer    | Reached skill level 2 in Conjurations
  5432 | Sewer    | Reached skill level 3 in Conjurations
  5870 | D:5      | Found an ornate altar of the Wu Jian Council.
  5888 | D:5      | Reached skill level 4 in Poison Magic
  5888 | D:5      | Reached XP level 8. HP: 24/41 MP: 1/15
  6048 | D:5      | Noticed Edmund
  6068 | D:5      | Killed Edmund
  6069 | D:5      | Reached skill level 1 in Air Magic
  6308 | D:6      | Found a staircase to the Ecumenical Temple.
  6341 | Temple   | Entered the Ecumenical Temple
  6342 | Temple   | Upgraded the game from 0.28-a0-164-g83978e0 to
                  | 0.28-a0-167-g7eff39e
  6620 | Temple   | Became a worshipper of Gozag Ym Sagoz the Greedy
  6656 | D:6      | Reached skill level 4 in Conjurations
  6790 | D:6      | Reached skill level 2 in Air Magic
  7249 | D:6      | Reached skill level 5 in Conjurations
  7254 | D:6      | Reached skill level 3 in Air Magic
  7731 | D:7      | Reached skill level 6 in Conjurations
  7831 | D:7      | Identified 5 potions of haste
  7832 | D:7      | Identified 2 potions of mutation
  7832 | D:7      | Gained mutation: You passively dampen the noise of your
                  | surroundings. [potion of mutation]
  7832 | D:7      | Gained mutation: You have a pair of small horns on your
                  | head. [potion of mutation]
  7832 | D:7      | Gained mutation: You have large cloven feet. [potion of
                  | mutation]
  7833 | D:7      | Identified a potion of magic
  7834 | D:7      | Identified a potion of berserk rage
  7835 | D:7      | HP: 3/61 [something (2)]
  7838 | D:7      | Slain by an unseen horror

Illustrated notes

Levels and vault maps discovered:
D:1:      zelgadis_glass_arrival_small, layout_basic,
          hellmonk_ecumenical_altar_arch_garden, chequers_serial_rivers_micro_c
D:2:      cheibrodos_pilgrimage, layout_loops_ring
D:3:      layout_rooms
D:4:      layout_gridville, nicolae_ru_path_of_blood, uniq_menkaure
D:5:      layout_basic, kennysheep_little_box, fedhas_ov_isle_minmay,
          cheibrodos_sewer_entry_bend, uniq_edmund
D:6:      layout_gridville, minmay_temple_entry_hall, minivault_11
D:7:      layout_rooms, mainiacjoe_overflow_paths,
          nicolae_uskayaw_murder_on_the_dancefloor, slow_altar_2,
          uniq_prince_ribbit1, uniq_duvessa
Temple:   minmay_temple_curvy_branch

Skill      XL: |  1  2  3  4  5  6  7  8 |
---------------+-------------------------+-----
Necromancy     | 4 5 |  5.0
Spellcasting   | 3 4 5 |  5.0
Poison Magic   | 2 4 |  4.0
Conjurations   | 3 6 |  6.0
Air Magic      | 3 |  3.5
Dodging        | |  1.5
Stealth        | |  2.1

Action                   |  1- 3 |  4- 6 |  7- 9 || total
-------------------------+-------+-------+-------++-------
Melee: Unarmed           |     2 |     1 |       ||     3
       Flail             |       |     8 |    32 ||    40
       Falchion          |       |     6 |    42 ||    48
       Dagger            |       |       |    11 ||    11
       Kick              |       |       |     1 ||     1
       Headbutt          |       |       |     1 ||     1
 Cast: Pain              |    53 |    79 |    86 ||   218
       Vampiric Draining |       |     2 |    19 ||    21
  Use: Scroll            |       |       |     9 ||     9
       Potion            |       |       |     4 ||     4
 Stab: Sleeping          |     1 |       |     1 ||     2
Armor: Robe              |     3 |    12 |    31 ||    46
Dodge: Dodged            |    10 |    18 |    53 ||    81
Block: Other             |     2 |     5 |    29 ||    36
       Reflection        |     1 |       |     1 ||     2
       Rpst.: Falchion   |       |     1 |     4 ||     5

Table legend: (Time is in decaauts)
 A = Elapsed time spent in this place.
 B = Non-inter-level travel time spent in this place.
 C = Inter-level travel time spent in this place.
 D = Time resting spent in this place.
 E = Time spent auto-exploring this place.
 F = Levels seen in this place.
 G = Mean time per level.
                   A        B        C        D        E       F      G
               +--------+--------+--------+--------+--------+-----+--------+
         Total |   7951 |   7770 |    181 |   2453 |   3944 |   9 |  883.4 |
       Dungeon |   6899 |   6761 |    138 |   2149 |   3414 |   7 |  985.6 |
        Temple |    301 |    258 |     43 |      0 |    247 |   1 |  301.0 |
         Sewer |    751 |    751 |      0 |    304 |    283 |   1 |  751.0 |
               +--------+--------+--------+--------+--------+-----+--------+

Top non-repeatable levels by time:
     D:1: 1400 daAuts
     D:5: 1253 daAuts
     D:2: 1217 daAuts
     D:6: 1144 daAuts
     D:3: 1074 daAuts
   Sewer: 751 daAuts
     D:4: 681 daAuts
  Temple: 301 daAuts
     D:7: 128 daAuts
